AoeStats
← Xanny

Arabia

503548171Analyzed
4v4 RM · 1mo ago on Sep 1, 2026· 45m 15s· 8 players
Game mode
Random Map
Map size
Large (8 player)
Population
200
Speed
Normal
Resources
Standard
Victory
Conquest
Starting age
Dark Age
Ending age
Imperial Age
RankedLock teamsTeams togetherTeam positionsShared explorationLock speedFull tech treeHidden civsTurbo modeCheats
Victory
Defeat
🇦🇺 Dravidians · Australia
1309
+13
🇮🇩 Berbers · Indonesia
1300
+14
🇺🇸 Italians · United States
1249
+16
1214
+18
🇻🇳 Ethiopians · Vietnam
1270
-16
🇻🇳 Britons · Vietnam
1248
-15
🇻🇳 Magyars · Vietnam
1241
-15
🇻🇳 Persians · Vietnam
1235
-14
SpawnShark
8:52 Feudal Age
9:39 Double-Bit Axe
9:55 Loom
20:05 Castle Age
18:30 Horse Collar
22:01 Bow Saw
21:45 Gold Mining
25:08 Fletching
25:08 Man-at-Arms
25:50 Bodkin Arrow
27:34 Heavy Plow
28:40 Padded Archer Armor
29:46 Leather Archer Armor
36:23 Imperial Age
36:20 Ballistics
36:46 Elite Elephant Archer
42:33 Conscription
43:00 Husbandry
43:55 Thumb Ring
45:09 Forging
45:01 Scale Mail Armor
45:39 Bracer
BlueIce
7:18 Loom
9:33 Feudal Age
10:15 Double-Bit Axe
17:48 Horse Collar
22:23 Castle Age
20:37 Fletching
22:13 Padded Archer Armor
22:54 Elite Skirmisher
24:00 Bodkin Arrow
25:02 Bow Saw
25:37 Leather Archer Armor
28:58 Crossbowman
32:19 Wheelbarrow
38:29 Imperial Age
37:28 Gold Mining
38:21 Hand Cart
39:18 Stone Mining
39:45 Bracer
40:15 Ring Archer Armor
40:59 Chemistry
40:20 Ballistics
42:48 Elite Genoese Crossbowman
44:17 Ring Archer Armor
Xanny
6:36 Loom
9:30 Feudal Age
10:10 Horse Collar
10:16 Double-Bit Axe
17:48 Scale Barding Armor
17:53 Forging
22:47 Castle Age
22:14 Bloodlines
22:17 Gold Mining
23:01 Light Cavalry
24:09 Chain Barding Armor
26:38 Bow Saw
31:03 Wheelbarrow
31:32 Husbandry
33:37 Iron Casting
33:49 Hand Cart
34:30 Heavy Plow
34:57 Fervor
36:02 Kasbah
36:41 Gold Shaft Mining
39:44 Imperial Age
39:53 Cavalier
41:39 Crop Rotation
41:12 Hussar
42:41 Plate Barding Armor
سلام عليكم Salam Alaiku
6:59 Loom
9:28 Feudal Age
11:59 Fletching
12:34 Padded Archer Armor
18:23 Double-Bit Axe
21:54 Horse Collar
26:45 Wheelbarrow
30:38 Castle Age
29:18 Gold Mining
30:49 Crossbowman
31:36 Thumb Ring
31:28 Bodkin Arrow
33:32 Hand Cart
33:36 Leather Archer Armor
33:42 Treadmill Crane
35:31 Bow Saw
35:44 Scale Barding Armor
35:50 Forging
36:06 Forging
38:27 Iron Casting
38:14 Chain Barding Armor
39:10 Leather Archer Armor
41:27 Stone Mining
42:13 Gold Shaft Mining
47:28 Imperial Age
45:48 Husbandry
LYO
7:45 Loom
9:48 Feudal Age
10:28 Double-Bit Axe
16:10 Scale Barding Armor
17:18 Bloodlines
26:20 Castle Age
24:28 Gold Mining
24:19 Horse Collar
30:42 Wheelbarrow
30:36 Husbandry
35:08 Chain Barding Armor
37:37 Bow Saw
37:28 Heavy Plow
37:45 Hand Cart
38:19 Pikeman
38:45 Arson
38:51 Town Watch
39:20 Scale Mail Armor
42:49 Chain Mail Armor
kaidong173
5:41 Loom
9:13 Feudal Age
18:11 Double-Bit Axe
20:27 Fletching
21:41 Padded Archer Armor
22:04 Horse Collar
27:13 Castle Age
25:37 Gold Mining
27:32 Crossbowman
28:30 Bow Saw
29:59 Leather Archer Armor
31:13 Wheelbarrow
31:56 Ballistics
37:04 Hand Cart
40:11 Imperial Age
40:29 Arbalester
42:15 Chemistry
41:12 Bodkin Arrow
42:38 Bracer
43:09 Ring Archer Armor
43:55 Elite Skirmisher
Rangerzz
6:01 Loom
8:55 Feudal Age
9:28 Double-Bit Axe
12:06 Horse Collar
14:11 Forging
19:43 Wheelbarrow
23:39 Castle Age
23:08 Scale Barding Armor
23:15 Bloodlines
24:27 Husbandry
24:40 Heavy Plow
24:51 Bow Saw
28:44 Chain Barding Armor
29:44 Husbandry
29:59 Gold Mining
31:24 Iron Casting
33:50 Hand Cart
39:39 Light Cavalry
43:23 Imperial Age
40:40 Town Watch
43:23 Gold Shaft Mining
42:39 Stone Mining
43:22 Fletching
43:02 Cavalier
44:18 Plate Barding Armor
44:43 Blast Furnace
44:26 Crop Rotation
43:43 Hussar
JackTheRipper
3:30 Loom
10:20 Feudal Age
16:39 Fletching
18:04 Padded Archer Armor
19:16 Double-Bit Axe
19:26 Horse Collar
20:42 Gold Mining
25:37 Castle Age
25:43 Crossbowman
26:30 Thumb Ring
26:26 Bodkin Arrow
27:56 Bow Saw
32:03 Leather Archer Armor
37:20 Wheelbarrow
41:06 Imperial Age
41:15 Ballistics
41:11 Arbalester
43:12 Heavy Plow
44:14 Two-Man Saw
Connection lost

Rejoining the realm…

Still unreachable

The connection could not be restored.

Session expired

The server has moved on; the page needs a fresh start.